 Dungeon Crawl Stone Soup version 0.29.0-4-gdea44cf6ec (webtiles) character file.

Game seed: 12185508593272077700

1 qw the Sneak (level 1, -4/14 HPs)
             Began as a Gargoyle Delver on Sept 10, 2022.
             Killed from afar by a white imp (7 damage)
             ... with a puff of frost
             ... on level 5 of the Dungeon.
             The game lasted 00:00:05 (684 turns).

qw the Sneak (Gargoyle Delver)                       Turns: 684, Time: 00:00:05

Health: -4/14      AC:  5    Str: 15    XL:     1   Next: 20%
Magic:  1/1        EV: 11    Int: 10    God:
Gold:   0          SH:  0    Dex: 11    Spells: 0/0 levels left

rFire   . . .      SeeInvis .   a - +0 hand axe
rCold   . . .      Faith    .   (no shield)
rNeg    + . .      Spirit   .   b - +0 leather armour
rPois   inf        Reflect  .   (no helmet)
rElec   +          Harm     .   (no cloak)
rCorr   .          Rampage  .   (no gloves)
Will    .....                   (no boots)
Stlth   +++.......              (no amulet)
HPRegen 0.04/turn               (no ring)
MPRegen 0.07/turn               (no ring)

@: no status effects
A: sickness immunity, AC +2, negative energy resistance 1, electricity
resistance, torment resistance 1, petrification resistance
a: no special abilities


You were on level 5 of the Dungeon.
You visited 1 branch of the dungeon, and saw 1 of its levels.


Innate Abilities, Weirdness & Mutations

You are immune to sickness and miasma.
Your stone body is resilient. (AC +2)
You are immune to poison.
You resist negative energy. (rN+)
You are resistant to electric shocks. (rElec)
You are resistant to unholy torment.
You are immune to petrification.


   Skills:
 - Level 3.2 Fighting
 + Level 1.9 Axes
 - Level 1.5 Dodging
 - Level 5.4 Stealth


You couldn't memorise any spells.
You didn't know any spells.
Your spell library was empty.

Inventory:

Hand Weapons
 a - a +0 hand axe (weapon)
Armour
 b - a +0 leather armour (worn)
Wands
 g - a wand of digging (3)
Scrolls
 c - a scroll of fog
 d - a scroll of magic mapping
 e - a scroll of fear
 i - a scroll of acquirement {unknown}
Potions
 f - a potion of haste
 h - a potion of degeneration {unknown}

Dungeon Overview and Level Annotations

Branches:
Dungeon (5/15)
 Temple: D:4-7

Altars:


Message History

You start waiting.
A quokka is nearby!
You completely miss the quokka.
The quokka bites you but does no damage.
You miss the quokka.
The quokka bites you but does no damage.
You closely miss the quokka. The quokka closely misses you. x2
You barely miss the quokka. The quokka bites you.
You hit the quokka.
The quokka is almost dead.
The quokka bites you. The quokka barely misses you.
You hit the quokka.
You kill the quokka!
You start resting.
HP restored.
You see here 7 stones.
375 ||| Stepping ~*~*~tactically~*~*~ (hiding).
You start waiting.
Done waiting.
You see here 7 stones.
477 ||| Stepping ~*~*~tactically~*~*~ (hiding).
You start waiting.
Done waiting.
You see here 7 stones.
579 ||| Stepping ~*~*~tactically~*~*~ (hiding).
You start waiting.
Done waiting.
The white imp shouts, "Scamper hence, thou skyhacking nut-hook death-token!"
You see here 7 stones.
You closely miss the white imp. The white imp gestures at you.
The puff of frost hits you!
Ouch! That really hurt!
You completely miss the white imp. The white imp gestures at you.
The puff of frost hits you!
Ouch! That really hurt!
You die...

..#.# .# ...#.
#.#.##.## #..#.
#.#.....# ##...#
#.#.....#
......##.#.....#
...............#
.......###%....#
.....!.###.....#
......5@.(.....#
...........##..##
####.########...#
# ........>#
##########


You could see a white imp.

Vanquished Creatures
  A quokka (D:5)
1 creature vanquished.

Notes
Turn   | Place    | Note
-------+----------+-------------------------------------------
     0 | D:5      | qw the Gargoyle Delver began the quest for the Orb.
     0 | D:5      | Reached XP level 1. HP: 14/14 MP: 1/1
     0 | D:5      | 0 ||| qw: Version: 0.1-a-116-g5d60599
     0 | D:5      | 0 ||| qw: Game counter: 9347
     0 | D:5      | 0 ||| qw: Always use a shield: true
     0 | D:5      | 0 ||| qw: God list: Okawaru
     0 | D:5      | 0 ||| qw: Allow faded altars: false
     0 | D:5      | 0 ||| qw: Do Orc after D:15 true
     0 | D:5      | 0 ||| qw: Do second Lair branch before Depths: true
     0 | D:5      | 0 ||| qw: Lair rune preference: random
     0 | D:5      | 0 ||| qw: Plans: Normal
     0 | D:5      | 0 ||| PLANNING D:1-11
    10 | D:5      | 10 ||| Stepping ~*~*~tactically~*~*~ (hiding).
    32 | D:5      | 32 ||| Stepping ~*~*~tactically~*~*~ (stealth).
    35 | D:5      | 35 ||| Stepping ~*~*~tactically~*~*~ (hiding).
   137 | D:5      | 137 ||| Stepping ~*~*~tactically~*~*~ (hiding).
   190 | D:5      | 190 ||| Stepping ~*~*~tactically~*~*~ (stealth).
   192 | D:5      | 192 ||| Stepping ~*~*~tactically~*~*~ (hiding).
   375 | D:5      | 375 ||| Stepping ~*~*~tactically~*~*~ (hiding).
   477 | D:5      | 477 ||| Stepping ~*~*~tactically~*~*~ (hiding).
   579 | D:5      | 579 ||| Stepping ~*~*~tactically~*~*~ (hiding).
   683 | D:5      | HP: 3/14 [white imp/puff of frost (11)]
   684 | D:5      | Killed from afar by a white imp

Levels and vault maps discovered:
D:5:      layout_basic, overflow_temple_1_default, minmay_temple_entry_arrows,
          lightli_corner_chamber

Action                   || total
-------------------------++-------
Melee: Hand axe          ||     8
Armor: Leather armour    ||     2
Dodge: Dodged            ||     3

Table legend:
 A = Non-vault XP
 B = Vault XP
 C = Vault XP percentage of total XP
 D = Non-vault monster count
 E = Vault monster count
 F = Vault count percentage of total count
                 A         B        C        D         E       F
            +---------+---------+-------+---------+---------+-------
      Total |       2 |       0 |   0.0 |       1 |       0 |   0.0
            +---------+---------+-------+---------+---------+-------
        D:5 |       2 |       0 |   0.0 |       1 |       0 |   0.0
            +---------+---------+-------+---------+---------+-------
